 Dungeon Crawl Stone Soup version 0.29-a0-284-gf9362112df (webtiles) character file.

Game seed: 17577609656842708181

9408 Colgate the Bewitcher (level 11, -3/47 HPs)
             Began as a Spriggan Enchanter on Mar 14, 2022.
             Was an Initiate of Yredelemnul.
             Slain by an orange demon (10 damage)
             ... summoned by an obsidian statue
             ... on level 10 of the Dungeon on Mar 15, 2022.
             The game lasted 00:53:18 (16418 turns).

Colgate the Bewitcher (Spriggan Enchanter)         Turns: 16418, Time: 00:53:20

Health: -3/47      AC:  4    Str:  8      XL:     11   Next: 22%
Magic:  35/35      EV: 16    Int: 19 (20) God:    Yredelemnul [......]
Gold:   730        SH:  6    Dex: 20 (21) Spells: 19/30 levels left

rFire   . . .      SeeInvis +   E - +10 whip "Hupaowu" {venom, rCorr Str+4 Dex+4 Stlth-}
rCold   . . .      Faith    .   A - +0 buckler
rNeg    . . .      Spirit   .   D - +2 robe
rPois   .          Reflect  .   (helmet restricted)
rElec   .          Harm     .   (no cloak)
rCorr   +          Rampage  .   (gloves unavailable)
Will    +....                   (boots unavailable)
Stlth   +++.......              (no amulet)
HPRegen 0.15/turn               g - ring of magical power
MPRegen 0.24/turn               F - +4 ring of protection

@: lethally poisoned (-3 -> -10), corroded, very quick
A: very small, no large weapons, unfitting armour, see invisible, speed 3
a: Renounce Religion, Recall Undead Harvest


You were on level 10 of the Dungeon.
You worshipped Yredelemnul.
Yredelemnul was noncommittal.
You visited 1 branch of the dungeon, and saw 10 of its levels.
You also visited: Sewer.

You collected 730 gold pieces.

Inventory:

Hand Weapons
 a - a +1 dagger of freezing
 b - a +0 rapier of electrocution
 E - the +10 whip "Hupaowu" (weapon) {venom, rCorr Str+4 Dex+4 Stlth-}
   (You found it on level 7 of the Dungeon)

   It poisons the flesh of those it strikes.
   Str:       It affects your strength (+4).
   Dex:       It affects your dexterity (+4).
   rCorr:     It protects you from acid and corrosion.
   Stlth:     It makes you less stealthy.
 J - a +1 dagger of flaming
Missiles
 s - 5 silver boomerangs
 u - a throwing net {!f}
 G - 5 curare-tipped darts
Armour
 A - a +0 buckler (worn)
 D - a +2 robe (worn)
Jewellery
 g - a ring of magical power (left hand)
 j - a ring of poison resistance
 p - a ring of fire
 F - a +4 ring of protection (right hand)
Wands
 q - a wand of polymorph (6)
 r - a wand of mindburst (9)
 v - a wand of acid (7) {@v1}
 C - a wand of charming (1)
 H - a wand of iceblast (9) {@v2}
 L - a wand of flame (10)
Scrolls
 e - a scroll of acquirement
 h - 2 scrolls of vulnerability
 m - 3 scrolls of teleportation {@r3}
 o - a scroll of summoning
 t - a scroll of magic mapping {@r5}
 y - a scroll of fog {unknown}
 B - a scroll of holy word {unknown}
 I - 2 scrolls of blinking {@r4}
 K - 2 scrolls of fear {unknown}
 N - a scroll of immolation {unknown}
Potions
 c - 3 potions of invisibility
 d - 3 potions of magic
 f - 2 potions of lignification
 i - 4 potions of berserk rage
 k - 2 potions of heal wounds {@q2}
 l - a potion of brilliance
 n - 3 potions of flight
 w - a potion of mutation
 x - 3 potions of degeneration
 z - a potion of resistance {@q5}


   Skills:
 - Level 3.3 Short Blades
 - Level 2.6 Dodging
 - Level 8.0 Stealth
 - Level 10.1 Spellcasting
 + Level 17.4 Hexes


You had 19 spell levels left.
You knew the following spells:

 Your Spells              Type           Power      Damage    Failure   Level
a - Ensorcelled Hibernat  Hex/Ice        84%        N/A       1%          2
b - Tukima's Dance        Hex            66%        N/A       1%          3
c - Confusing Touch       Hex            66%        N/A       1%          3
d - Dazzling Flash        Conj/Hex       84%        N/A       1%          3

Your spell library contained the following spells:

 Spells                   Type           Power      Damage    Failure   Level
 Portal Projectile        Hex/Tloc       84%        N/A       1%          3
 Freeze                   Ice            36%        1d6       16%         1
 Sting                    Tmut/Pois      36%        1d4       16%         1
 Poisonous Vapours        Pois/Air       18%        N/A       24%         2
 Frozen Ramparts          Ice            18%        1d3       43%         3
 Mephitic Cloud           Conj/Pois/Air  9%         N/A       43%         3
 Hailstorm                Conj/Ice       9%         3d4       85%         4
 Olgreb's Toxic Radiance  Pois           9%         N/A       85%         4
 Passage of Golubria      Tloc           9%         N/A       85%         4
 Blade Hands              Tmut           4%         N/A       99%         5
 Excruciating Wounds      Necr           4%         N/A       99%         5
 Dispersal                Tloc           4%         N/A       100%        6


Dungeon Overview and Level Annotations

Branches:
Dungeon (10/15)            Temple (0/1) D:6            Lair (0/6) D:9
    Orc (0/2) D:9           Sewer (visited)

Altars:
Ashenzari
Gozag
Kikubaaqudgha
Nemelex Xobeh
Okawaru
Qazlal
Sif Muna
Yredelemnul
The Shining One

Annotations:
D:10 exclusion: obsidian statue


Innate Abilities, Weirdness & Mutations

You are very small and have problems with some larger weapons.
You are too small for most types of armour.
You have supernaturally acute eyesight. (SInv)
You cover ground extremely quickly. (Speed+++)


Message History

You feel very sick. You block the quasit's attack. x2
The quasit claws you but does no damage.
The ufetubus barely misses you. The ufetubus closely misses you.
The crimson imp hits you but does no damage.
The quasit misses you. The quasit completely misses you. The quasit claws you.
The orange demon stings you but does no damage.
The orange demon misses you. You block the ufetubus's attack.
The ufetubus closely misses you.
You hit the obsidian statue.
You feel very sick.
The ufetubus hits you but does no damage.
The ufetubus misses you. The crimson imp barely misses you.
The quasit bites you but does no damage.
The quasit closely misses you. The quasit barely misses you.
The obsidian statue's eyes glow briefly.
The obsidian statue attempts to bespell you!
You resist with some effort.
The orange demon stings you but does no damage.
The orange demon hits you but does no damage.
The rust devil hits you. The rust devil corrodes you! The ufetubus hits you.
The ufetubus barely misses you. You block the crimson imp's attack.
The quasit bites you but does no damage.
The quasit completely misses you. The quasit closely misses you.
You hit the obsidian statue.
You feel very sick.
The obsidian statue's eyes glow briefly.
The ufetubus hits you but does no damage.
The ufetubus completely misses you. The orange demon stings you!
You block the orange demon's attack. The rust devil barely misses you.
The quasit misses you.
The quasit claws you but does no damage.
You block the quasit's attack. The crimson imp barely misses you.
The ufetubus misses you. The ufetubus hits you.
* * * LOW HITPOINT WARNING * * *
The rust devil hits you!
* * * LOW HITPOINT WARNING * * *
The orange demon stings you!
You die...
Your body rises from the dead as a mindless zombie.

#.##.#..#.##........#.#.ZZ...#
#.##.#..#.##..........#.Z....#
#....#..#.##..........#......#
#....#..#......##.....#......+
#.##.#..##'##.###.....#..##..#
#.##.#......####......#####..#
#....#......##$##..##.#..ZZ..#
#....#..##.##55.##.##.#..#####
#....#..####4@8.3#.##.#..#....
#..#.'..#.#.54..##..#.#..#....
#..#.#.........##.....#..#....
#....#........##......####....
#....#.......##......#####....
#..#.#..#...##...........#....
#..#.'..#..##.....#......#....
#....#).'..#(....##......#....
#....#..#..##...###......'....


You could see an obsidian statue, a soul eater (summoned), an orange demon
(summoned), a rust devil (summoned), a quasit (summoned), a crimson imp
(summoned) and an ufetubus (summoned).

Vanquished Creatures
  A boulder beetle (D:10)
  An orange crystal statue (D:10)
  A gargoyle (D:10)
  2 kobold demonologists (D:8)
  Grinder (D:4)
  Prince Ribbit (D:5)
  A shadow (D:6)
  A vampire (D:9)
  A wyvern (D:10)
  3 yaks (D:9)
  A steam dragon (D:8)
  Menkaure (D:6)
  A water moccasin (D:5)
  3 acid dragons
  Duvessa (D:4)
  5 orc warriors
  An ice beast (D:8)
  A black bear (D:5)
  A wolf (D:9)
  An ogre (D:5)
  3 sky beasts
  2 centaurs
  A phantom (D:4)
  Blork the orc (D:4)
  3 kobold brigands
  3 bullfrogs
  A necrophage (D:6)
  4 scorpions
  7 wights
  Dowan (D:4)
  5 killer bees
  2 electric eels (D:9)
  5 howler monkeys
  3 orc priests
  6 hounds
  2 jellies (Sewer)
  A gnoll shaman (D:5)
  Jessica (D:3)
  4 iguanas
  Ijyb (D:4)
  3 orc wizards
  10 adders
  9 gnolls
  2 river rats (Sewer)
  A shadow imp (D:7)
  An ufetubus (D:5)
  4 worms
  3 dart slugs
  20 orcs
  12 ball pythons
  7 bats
  8 endoplasms
  A giant cockroach (D:1)
  15 goblins
  6 hobgoblins
  6 jackals
  9 kobolds
  4 quokkas
  3 frilled lizards
  2 orc zombies
  7 rats
218 creatures vanquished.

Vanquished Creatures (collateral kills)
  A troll (D:9)
  An orc warrior (D:9)
  3 wolves (D:9)
  A centaur (D:10)
  2 gnoll sergeants
  9 wights
  A killer bee (D:9)
  A hound (D:9)
  A gnoll shaman (D:6)
  2 iguanas (D:5)
  An orc wizard (D:9)
  Robin (D:2)
  6 gnolls
  An adder (Sewer)
  A gnoll zombie (D:10)
  An ufetubus (D:4)
  A dart slug (D:2)
  11 orcs
  A ball python (D:4)
  3 endoplasms
  A giant cockroach (D:2)
  9 goblins
  A hobgoblin (D:2)
  A jackal (D:4)
  10 kobolds
  3 frilled lizards
  A rat (D:1)
75 creatures vanquished.

Vanquished Creatures (others)
  5 dancing weapons
  A spectral shadow imp (D:4)
  2 centaur zombies (D:10)
  4 kobold zombies
  A howler monkey zombie (D:10)
  2 gnoll zombies
  An iguana zombie (D:5)
  3 adder zombies
  4 bat zombies
  A kobold (D:8)
  8 ball python zombies
  3 frilled lizard zombies (D:1)
  A giant cockroach zombie (D:1)
  3 goblin zombies
  A hobgoblin zombie (D:4)
  10 orc zombies
  2 quokka zombies (D:4)
  A rat zombie (D:1)
  3 spectral endoplasms (D:2)
  A spectral ufetubus (D:5)
  29 plants
86 creatures vanquished.

Grand Total: 379 creatures vanquished

Notes
Turn   | Place    | Note
-------+----------+-------------------------------------------
     0 | D:1      | Colgate the Spriggan Enchanter began the quest for the Orb.
     0 | D:1      | Reached XP level 1. HP: 9/9 MP: 5/5
    35 | D:1      | Reached skill level 4 in Hexes
    59 | D:1      | Reached XP level 2. HP: 9/13 MP: 6/6
    83 | D:1      | Learned a level 2 spell: Ensorcelled Hibernation
   488 | D:1      | Found a faded altar of an unknown god.
   493 | D:1      | Prayed at the altar of an unknown god.
   493 | D:1      | Became a worshipper of Yredelemnul the Dark
   493 | D:1      | Reached * piety under Yredelemnul
   657 | D:1      | Reached ** piety under Yredelemnul
   677 | D:1      | Reached skill level 5 in Hexes
   790 | D:1      | Reached XP level 3. HP: 14/16 MP: 2/8
   794 | D:1      | Learned a level 3 spell: Tukima's Dance
  1594 | D:2      | Learned a level 3 spell: Confusing Touch
  1967 | D:2      | Reached XP level 4. HP: 21/21 MP: 9/9
  2035 | D:2      | Noticed Robin
  2074 | D:2      | Killed Robin
  2075 | D:2      | Reached skill level 6 in Hexes
  2640 | D:3      | Found a shimmering blue altar of Sif Muna.
  2642 | D:3      | Identified a scroll of acquirement
  2935 | D:3      | Noticed Jessica
  2937 | D:3      | Killed Jessica
  2938 | D:3      | Reached skill level 7 in Hexes
  2938 | D:3      | Reached XP level 5. HP: 24/24 MP: 10/10
  3569 | D:3      | Found a glowing drain.
  3590 | Sewer    | Entered a sewer
  3897 | Sewer    | Found a viscous altar of Jiyva.
  3944 | Sewer    | Reached XP level 6. HP: 28/28 MP: 13/13
  4243 | D:3      | Found a sparkling altar of Nemelex Xobeh.
  4282 | D:4      | Noticed Grinder
  4323 | D:4      | Killed Grinder
  4324 | D:4      | Reached skill level 8 in Hexes
  4329 | D:4      | Reached XP level 7. HP: 17/32 MP: 14/14
  4387 | D:4      | Noticed Duvessa
  4409 | D:4      | Noticed Dowan
  4466 | D:4      | Your ally Grinder died
  4773 | D:4      | Reached skill level 9 in Hexes
  4858 | D:4      | Reached skill level 5 in Stealth
  5023 | D:4      | Noticed Blork the orc
  5118 | D:4      | Killed Blork the orc
  5268 | D:4      | Killed Duvessa
  5278 | D:4      | HP: 1/32 [Dowan/shard of ice (22)]
  5284 | D:4      | Killed Dowan
  5926 | D:4      | Noticed Ijyb
  5933 | D:4      | Killed Ijyb
  6104 | D:5      | Entered Level 5 of the Dungeon
  6146 | D:5      | Reached skill level 5 in Spellcasting
  6225 | D:5      | Reached XP level 8. HP: 36/36 MP: 18/18
  6260 | D:5      | Got the Disquisition on Unstable Weightlessness
  6291 | D:5      | Found a stormy altar of Qazlal.
  6438 | D:5      | Reached skill level 10 in Hexes
  6665 | D:5      | Found a glowing golden altar of the Shining One.
  6816 | D:5      | Noticed Prince Ribbit
  6819 | D:5      | Killed Prince Ribbit
  6820 | D:5      | Reached skill level 11 in Hexes
  7185 | D:5      | Identified the +10 war axe of Bedazzled Gallantry {holy,
                  | Str+2 Dex+2 Stlth+}
  7475 | D:5      | Reached *** piety under Yredelemnul
  7859 | D:5      | Found a stormy altar of Qazlal.
  8016 | D:5      | Found a glowing golden altar of the Shining One.
  8396 | D:6      | Reached skill level 12 in Hexes
  8396 | D:6      | Reached XP level 9. HP: 39/39 MP: 20/20
  9032 | D:6      | Found a staircase to the Ecumenical Temple.
  9062 | D:6      | Noticed Menkaure
  9066 | D:6      | Killed Menkaure
  9067 | D:6      | Reached skill level 13 in Hexes
  9816 | D:6      | Found a staircase to the Ecumenical Temple.
 10072 | D:7      | Identified the +10 whip "Hupaowu" {venom, rCorr Str+4 Dex+4
                  | Stlth-}
 10114 | D:7      | Learned a level 3 spell: Dazzling Flash
 10131 | D:7      | Found a broken altar of Ashenzari.
 10183 | D:7      | Found an opulent altar of Gozag.
 10891 | D:8      | Reached skill level 14 in Hexes
 11212 | D:8      | Noticed a kobold demonologist
 11219 | D:8      | Killed a kobold demonologist
 11220 | D:8      | Noticed a kobold demonologist
 11225 | D:8      | Killed a kobold demonologist
 11226 | D:8      | Reached XP level 10. HP: 44/44 MP: 24/24
 12565 | D:9      | Reached skill level 15 in Hexes
 12797 | D:9      | Found a staircase to the Orcish Mines.
 12909 | D:9      | Found a staircase to the Lair.
 12963 | D:9      | Reached skill level 16 in Hexes
 13117 | D:9      | Found a basalt altar of Yredelemnul.
 13396 | D:9      | Reached skill level 10 in Spellcasting
 14079 | D:10     | Entered Level 10 of the Dungeon
 14097 | D:10     | Noticed an orange crystal statue
 14261 | D:10     | Noticed an obsidian statue
 14365 | D:10     | Noticed a boulder beetle
 14370 | D:10     | Killed a boulder beetle
 14371 | D:10     | Reached skill level 17 in Hexes
 14371 | D:10     | Reached XP level 11. HP: 47/47 MP: 26/26
 15750 | D:10     | Found an ancient bone altar of Kikubaaqudgha.
 16026 | D:10     | Found an iron altar of Okawaru.
 16243 | D:10     | Killed an orange crystal statue
 16418 | D:10     | Slain by an orange demon

Illustrated notes

Levels and vault maps discovered:
D:1:      minmay_arrival_diagonal_passages, layout_basic,
          ebering_ecumenical_altar_hall, st_stairs_14, lexackson_kobold_supper
D:2:      layout_basic, minmay_misc_feat_five, uniq_robin
D:3:      layout_loops_ring, nemelex_dance_club_becter,
          mainiacjoe_overflow_catwalk, portal_sewer_entry_d, uniq_jessica
D:4:      kennysheep_goblin_castle, layout_loops_ring, uniq_blork_the_orc,
          uniq_grinder, uniq_duvessa, uniq_ijyb
D:5:      minmay_opposing_rooms, layout_loops_ring, tso_metal_star,
          nicolae_qazlal_scattered_showers, minmay_stone_trees_medium,
          uniq_prince_ribbit1
D:6:      layout_loops_cross, temple_statues, nicolae_grassy_gnolls,
          uniq_menkaure
D:7:      layout_basic, nicolae_ashenzari_skybound, grunt_gozag_statues
D:8:      layout_loops_ring, nicolae_elevator_lobby_asterisk
D:9:      layout_basic, mainiacjoe_overflow_small_starburst, erik_lair_island,
          david_orc_4
D:10:     minmay_separated_statues, layout_stronghold,
          mainiacjoe_overflow_alcove_2, lemuel_tele_altar

Skill      XL: |  1  2  3  4  5  6  7  8  9 10 11 |
---------------+----------------------------------+-----
Hexes          | 4 5 7 8 9 12 14 17 | 17.4
Spellcasting   | 3 4 6 7 9 10 | 10.1
Short Blades   | 2 3 |  3.3
Stealth        | 6 8 |  8.0
Dodging        | |  2.6

Action                   |  1- 3 |  4- 6 |  7- 9 | 10-12 || total
-------------------------+-------+-------+-------+-------++-------
Melee: Dagger            |    88 |    67 |   136 |   100 ||   391
       Punch             |       |       |     2 |       ||     2
       Whip              |       |       |       |    23 ||    23
 Cast: Ensorcelled Hiber |    31 |    72 |    88 |    64 ||   255
       Confusing Touch   |       |     2 |    15 |    18 ||    35
       Tukima's Dance    |       |       |    26 |    23 ||    49
       Dazzling Flash    |       |       |       |     2 ||     2
Invok: Recall Undead Har |       |     3 |     3 |       ||     6
       Dark Bargain      |       |       |       |     1 ||     1
Evoke: Wand              |       |       |       |    12 ||    12
  Use: Scroll            |       |     3 |    10 |     5 ||    18
 Stab: Sleeping          |    27 |    46 |    71 |    33 ||   177
       Confused          |       |     2 |    10 |     9 ||    21
       Invisible         |       |       |       |     2 ||     2
       Distracted        |       |       |       |     1 ||     1
Armor: Robe              |     8 |     6 |     6 |    35 ||    55
Dodge: Dodged            |    74 |    53 |   106 |   119 ||   352
Block: Buckler           |       |       |     9 |    39 ||    48

Table legend: (Time is in decaauts)
 A = Elapsed time spent in this place.
 B = Non-inter-level travel time spent in this place.
 C = Inter-level travel time spent in this place.
 D = Time resting spent in this place.
 E = Time spent auto-exploring this place.
 F = Levels seen in this place.
 G = Mean time per level.
                   A        B        C        D        E       F      G
               +--------+--------+--------+--------+--------+-----+--------+
         Total |  16631 |  16245 |    386 |    140 |  14201 |  11 | 1511.9 |
       Dungeon |  16223 |  15837 |    386 |    140 |  13898 |  10 | 1622.3 |
         Sewer |    407 |    407 |      0 |      0 |    302 |   1 |  407.0 |
               +--------+--------+--------+--------+--------+-----+--------+

Top non-repeatable levels by time:
     D:5: 2639 daAuts
    D:10: 2608 daAuts
     D:8: 2190 daAuts
     D:4: 1750 daAuts
     D:6: 1732 daAuts
     D:9: 1687 daAuts
     D:1: 1121 daAuts
     D:2: 979 daAuts
     D:3: 910 daAuts
     D:7: 604 daAuts
   Sewer: 407 daAuts
